 Dungeon Crawl Stone Soup version 0.29-a0-275-g389c0b56f3 (webtiles) character file.

Game seed: 10306512915652503655

10821 jt the Cleaver (level 11, -8/64 HPs)
             Began as a Gargoyle Fighter on Mar 12, 2022.
             Was an Elder of Dithmenos.
             Mangled by a cane toad (18 damage)
             ... on level 2 of the Lair of Beasts.
             The game lasted 00:22:11 (8985 turns).

jt the Cleaver (Gargoyle Fighter)                   Turns: 8985, Time: 00:22:11

Health: -8/64      AC: 21    Str: 23 (24) XL:     11   Next: 68%
Magic:  14/14      EV:  8    Int:  9      God:    Dithmenos [****..]
Gold:   465        SH:  5    Dex: 12 (15) Spells: 10/10 levels left

rFire   . . .      SeeInvis .   a - +1 war axe (flame)
rCold   . . .      Faith    .   c - +0 buckler
rNeg    + . .      Spirit   .   I - +0 chain mail
rPois   ∞          Reflect  .   (helmet restricted)
rElec   +          Harm     .   l - +0 cloak
rCorr   .          Rampage  .   n - +0 pair of gloves
Will    .....                   o - +1 pair of boots
Stlth   ..........              v - amulet of regeneration
HPRegen 1.00/turn               j - +6 ring of dexterity
MPRegen 0.14/turn               (no ring)

@: wreathed by umbra
A: sickness immunity, AC +8, negative energy resistance 1, electricity
resistance, torment resistance 1, petrification resistance, horns 1,
deterioration 1, no potion heal 1, sturdy frame 1
a: Renounce Religion, Shadow Step


You were on level 2 of the Lair of Beasts.
You worshipped Dithmenos.
Dithmenos was greatly pleased with you.
You visited 3 branches of the dungeon, and saw 13 of its levels.

You collected 530 gold pieces.
You spent 65 gold pieces at shops.

Inventory:

Hand Weapons
 a - a +1 war axe of flaming (weapon)
 e - a +0 spear
 q - a +0 broad axe
Missiles
 f - 177 stones
 s - a throwing net
 x - 16 poisoned darts (quivered)
 G - 7 curare-tipped darts
 H - 5 boomerangs
Armour
 c - a +0 buckler (worn)
 l - a +0 cloak (worn)
 m - a +0 helmet
 n - a +0 pair of gloves (worn)
 o - a +1 pair of boots (worn)
 p - a +0 troll leather armour
 r - the +3 pair of boots "Rusmoa Kivo" {+Blink rF+ Str-5}
   (You found it on level 1 of the Lair of Beasts)

   Str:       It affects your strength (-5).
   rF:        It protects you from fire.
   +Blink:    It lets you blink.
 w - +0 steam dragon scales
 I - a +0 chain mail (worn)
Magical Staves
 z - a staff of earth
Jewellery
 j - a +6 ring of dexterity (left hand)
 v - an amulet of regeneration (around neck)
 y - a ring of see invisible
 K - an amulet of guardian spirit
Wands
 t - a wand of mindburst (5)
 B - a wand of charming (9)
 E - a wand of paralysis (10)
 J - a wand of flame (18)
Scrolls
 g - 2 scrolls of enchant armour
 k - 2 scrolls of enchant weapon
 u - a scroll of holy word
 F - 2 scrolls of amnesia
 L - a scroll of vulnerability
Potions
 d - 3 potions of mutation
 h - a potion of lignification
 i - a potion of might
 A - a potion of ambrosia
 C - a potion of attraction
 D - 2 potions of brilliance
 M - a potion of invisibility


   Skills:
 + Level 6.1 Fighting
 + Level 14.1 Axes
 + Level 3.9 Armour
 - Level 6.0 Shields
 + Level 4.9 Invocations
 + Level 4.1 Evocations


You had 10 spell levels left.
You didn't know any spells.
Your spell library contained the following spells:

 Spells                   Type           Power      Damage    Failure   Level
 Sandblast                Erth           0%         2d4       94%         1
 Passwall                 Tmut/Erth      0%         N/A       98%         2
 Stone Arrow              Conj/Erth      0%         3d7       100%        3
 Fulminant Prism          Conj/Hex       0%         3d6       100%        4
 Iskenderun's Mystic Bla  Conj/Tloc      0%         2d3       100%        4
 Petrify                  Tmut/Erth      0%         N/A       100%        4
 Fireball                 Conj/Fire      0%         3d3       100%        5
 Irradiate                Conj/Tmut      0%         3d14      100%        5
 Lee's Rapid Deconstruct  Erth           0%         3d5*      100%        5
 Starburst                Conj/Fire      0%         6d3       100%        6
 Ignition                 Fire           0%         3d3       100%        8
 Sublimation of Blood     Necr           Unusable   N/A       N/A         2

Dungeon Overview and Level Annotations

Branches:
Dungeon (10/15)            Temple (1/1) D:7            Lair (2/6) D:9
  Swamp: Lair:2-4    Shoals: Lair:2-4     Snake: Lair:2-4    Spider: Lair:2-4
    Orc: D:9-12

Altars:
Dithmenos
Elyvilon
Hepliaklqana
Makhleb
Nemelex Xobeh
Qazlal
Yredelemnul
The Shining One

Shops:
D:4 !

Annotations:
D:5 2 transporters, kae's ghost, novice DrTm
Lair:1 exclusion: oklob plant


Innate Abilities, Weirdness & Mutations

You are immune to sickness and miasma.
Your stone body is resilient. (AC +8)
You are immune to poison.
You resist negative energy. (rN+)
You are resistant to electric shocks. (rElec)
You are resistant to unholy torment.
You are immune to petrification.
You have a pair of small horns on your head.
Your body sometimes deteriorates upon taking damage.
Potions are less effective at restoring your health.
Your movements are slightly less encumbered by armour. (ER -2)


Message History

You hit the yak. You burn the yak.
The yak is almost dead.
You hit the yak but do no damage. The yak gores you. x2
You barely miss the yak.
The yak is heavily wounded.
You hit the yak but do no damage.
The yak gores you but does no damage. x2
You hit the yak but do no damage.
The yak is almost dead.
You hit the cane toad but do no damage. You completely miss the yak.
You block the cane toad's attack.
You barely miss the cane toad. You slash the yak! You burn the yak.
You kill the yak!
Dithmenos accepts your kill.
Your shadow now sometimes tangibly mimics your actions.
You closely miss the yak. The yak closely misses you. The cane toad stings you!
* * * LOW HITPOINT WARNING * * *
Your body deteriorates!
You feel clumsy.
Okay, then.
You slash the cane toad! You burn the cane toad.
The cane toad is moderately wounded.
You barely miss the yak. The cane toad stings you.
* * * LOW HITPOINT WARNING * * *
The yak gores you but does no damage.
Press: ? - help, v - describe, . - travel
Here: a yak (heavily wounded, umbra)
The floor, spattered with blood.
Okay, then.
You barely miss the cane toad. Your headbutt misses the cane toad.
The cane toad is moderately wounded.
You completely miss the yak. The cane toad stings you.
* * * LOW HITPOINT WARNING * * *
The yak closely misses you.
Press: ? - help, v - describe, . - travel
Here: a cane toad (moderately wounded, umbra)
The floor.
You hit the cane toad. You burn the cane toad.
Your headbutt misses the cane toad.
The cane toad is heavily wounded.
You hit the yak. You burn the yak. The cane toad stings you!!
You die...

...........# ##P..
.#.........# ......[...
#..........# #....#....
.........#.# P.........
.PPP.....#.# #.........
...+........
###......P#
...#.......###.#......
............# #†.Y.#
...........## ##@.#
P.#..#...#.####F.##
.....+...#........#
......P.##.......##
..................###.
.......................
#####.#.##P.#.....##.##
# ############### # #


You could see a yak and a cane toad.

Vanquished Creatures
  Pikel (D:6)
  2 black mambas (Lair:2)
  Maggie (D:6)
  6 cane toads (Lair:1)
  A komodo dragon (D:9)
  A rime drake (Lair:1)
  Prince Ribbit (D:6)
  Grinder (D:6)
  4 blink frogs (Lair:1)
  A wyvern (D:6)
  A basilisk (Lair:1)
  4 yaks (Lair:2)
  Eustachio (D:5)
  4 fire bats (D:8)
  3 steam dragons (D:8)
  An acid dragon (D:9)
  5 water moccasins
  A hell hound (D:8)
  Duvessa (D:5)
  An ice beast (D:6)
  2 black bears
  2 ogres
  2 centaurs
  A phantom (D:3)
  2 kobold brigands
  A necrophage (D:7)
  8 bullfrogs
  4 scorpions
  3 wights (D:7)
  Dowan (D:5)
  9 killer bees
  2 electric eels (D:8)
  4 howler monkeys
  2 jellies (D:8)
  2 lava snakes (D:8)
  3 hounds
  An orc priest (D:3)
  2 gnoll shamans
  Terence (D:3)
  An iguana (D:7)
  2 orc wizards
  12 gnolls
  6 adders
  2 shadow imps (D:6)
  2 white imps (D:6)
  3 ufetubi
  2 worms
  13 orcs
  4 ball pythons
  8 endoplasms
  13 giant cockroaches
  7 goblins
  5 hobgoblins
  8 jackals
  4 quokkas
  2 bats
  4 frilled lizards
  22 kobolds
  9 rats
  2 fire vortices (D:8)
224 creatures vanquished.

Vanquished Creatures (collateral kills)
  A blink frog (Lair:1)
1 creature vanquished.

Vanquished Creatures (others)
  2 kobolds (D:8)
  A fire vortex (D:8)
  5 fungi
  70 plants
78 creatures vanquished.

Grand Total: 303 creatures vanquished

Notes
Turn   | Place    | Note
-------+----------+-------------------------------------------
     0 | D:1      | jt the Gargoyle Fighter began the quest for the Orb.
     0 | D:1      | Reached XP level 1. HP: 14/14 MP: 1/1
    79 | D:1      | Reached skill level 2 in Axes
    86 | D:1      | Reached XP level 2. HP: 15/19 MP: 2/2
   304 | D:1      | Reached XP level 3. HP: 8/23 MP: 3/3
  1521 | D:2      | Reached skill level 3 in Axes
  1521 | D:2      | Reached XP level 4. HP: 18/28 MP: 4/4
  2244 | D:2      | Reached XP level 5. HP: 30/32 MP: 5/5
  2339 | D:2      | Reached skill level 5 in Shields
  2778 | D:3      | Noticed Terence
  2790 | D:3      | Killed Terence
  2841 | D:3      | Reached skill level 4 in Axes
  2903 | D:3      | Noticed a phantom
  2915 | D:3      | Killed a phantom
  2916 | D:3      | Reached XP level 6. HP: 28/37 MP: 6/6
  3050 | D:3      | Found a faded altar of an unknown god.
  3057 | D:3      | Prayed at the altar of an unknown god.
  3057 | D:3      | Became a worshipper of Dithmenos the Shadowed
  3057 | D:3      | Reached * piety under Dithmenos
  3183 | D:3      | Gained mutation: You are frail. (-10% HP) [potion of
                  | mutation]
  3183 | D:3      | Gained mutation: Potions are less effective at restoring
                  | your health. [potion of mutation]
  3183 | D:3      | Gained mutation: You have a pair of small horns on your
                  | head. [potion of mutation]
  3358 | D:3      | Noticed a black bear
  3365 | D:3      | Killed a black bear
  3366 | D:3      | Reached skill level 5 in Axes
  3657 | D:4      | Reached XP level 7. HP: 23/36 MP: 7/7
  3662 | D:4      | Reached skill level 6 in Axes
  3932 | D:4      | Found Sask's Distillery.
  3936 | D:4      | Bought a potion of heal wounds for 65 gold pieces
  4162 | D:5      | Entered Level 5 of the Dungeon
  4284 | D:4      | Reached skill level 7 in Axes
  4438 | D:5      | Found a transporter.
  4441 | D:5      | Noticed kae's ghost (novice DrTm)
  4442 | D:5      | Found a transporter.
  4478 | D:5      | Reached XP level 8. HP: 36/41 MP: 8/8
  4526 | D:5      | Found a white marble altar of Elyvilon.
  4560 | D:5      | Noticed Eustachio
  4570 | D:5      | Killed Eustachio
  4570 | D:5      | Reached ** piety under Dithmenos
  4585 | D:5      | Noticed Duvessa
  4585 | D:5      | Noticed Dowan
  4606 | D:5      | Killed Duvessa
  4622 | D:5      | HP: 2/41 [Dowan/+0 dagger (2)]
  4633 | D:5      | Killed Dowan
  4634 | D:5      | Reached skill level 8 in Axes
  4729 | D:5      | Identified the +5 falchion of Conformity {holy, rElec}
  4914 | D:6      | Found a stormy altar of Qazlal.
  4970 | D:6      | Noticed Maggie
  4983 | D:6      | Killed Maggie
  4984 | D:6      | Reached skill level 9 in Axes
  4984 | D:6      | Reached XP level 9. HP: 45/45 MP: 9/9
  5125 | D:6      | Noticed Prince Ribbit
  5153 | D:6      | Killed Prince Ribbit
  5154 | D:6      | Reached skill level 10 in Axes
  5544 | D:6      | Noticed Grinder
  5546 | D:6      | Paralysed by Grinder for 2 turns
  5559 | D:6      | Killed Grinder
  5604 | D:7      | Noticed Pikel
  5612 | D:6      | Killed Pikel
  5613 | D:6      | Reached skill level 11 in Axes
  5750 | D:7      | Found a staircase to the Ecumenical Temple.
  5770 | Temple   | Entered the Ecumenical Temple
  5980 | D:7      | Found a glowing golden altar of the Shining One.
  6241 | D:7      | Lost mutation: You have a pair of small horns on your head.
                  | [potion of mutation]
  6241 | D:7      | Lost mutation: You are frail. (-10% HP) [potion of
                  | mutation]
  6241 | D:7      | Gained mutation: Your movements are slightly less
                  | encumbered by armour. (ER -2) [potion of mutation]
  6241 | D:7      | Gained mutation: Your body sometimes deteriorates upon
                  | taking damage. [potion of mutation]
  6241 | D:7      | Gained mutation: You have a pair of small horns on your
                  | head. [potion of mutation]
  6445 | D:8      | Reached skill level 12 in Axes
  6445 | D:8      | Reached XP level 10. HP: 51/56 MP: 10/10
  6721 | D:8      | Reached skill level 13 in Axes
  7099 | D:8      | Identified the +0 ring mail of Kutufome {Contam Harm rCorr
                  | Str+8}
  7106 | D:8      | Reached *** piety under Dithmenos
  7285 | D:9      | Found a staircase to the Lair.
  7326 | Lair:1   | Entered Level 1 of the Lair of Beasts
  7384 | Lair:1   | Noticed a cane toad
  7396 | Lair:1   | Killed a cane toad
  7397 | Lair:1   | Reached skill level 1 in Invocations
  7397 | Lair:1   | Reached skill level 1 in Evocations
  7520 | Lair:1   | Reached XP level 11. HP: 44/62 MP: 12/12
  7554 | Lair:1   | Identified the +3 pair of boots "Rusmoa Kivo" {+Blink rF+
                  | Str-5}
  7676 | Lair:1   | Reached skill level 5 in Fighting
  7833 | D:9      | Identified the +0 robe "Joozeam" {rC+ rN+ MP+9 Int-4}
  8017 | D:10     | Entered Level 10 of the Dungeon
  8017 | D:10     | Noticed a two-headed ogre
  8105 | Lair:1   | Reached skill level 14 in Axes
  8112 | Lair:1   | Reached **** piety under Dithmenos
  8765 | Lair:1   | Noticed an oklob plant
  8985 | Lair:2   | Mangled by a cane toad

Illustrated notes

Levels and vault maps discovered:
D:1:      wheals_arrival_linesprint, layout_loops_ring
D:2:      minmay_roachtagon, layout_rooms, serial_forest,
          infiniplex_forest_corner_1, infiniplex_forest_lined_room_2,
          infiniplex_forest_lined_2, infiniplex_forest_lined_3,
          nicolae_grassy_gnolls
D:3:      layout_loops_ring, ebering_ecumenical_altar_rust,
          kennysheep_generic_room_5, uniq_terence
D:4:      layout_rooms, serial_shops, shop
D:5:      minmay_inner_zag, layout_rooms, elyvilon_altar_5,
          gammafunk_ghost_hive, uniq_eustachio, uniq_duvessa, uniq_sigmund
D:6:      layout_basic, mainiacjoe_overflow_alcove_1,
          hangedman_decor_peaks_small, uniq_grinder, uniq_maggie,
          uniq_prince_ribbit1
D:7:      layout_loops_ring, mainiacjoe_overflow_concentric_impassable,
          minmay_temple_entry_ruins, kennysheep_flooded_box,
          nicolae_water_bricks, uniq_pikel
D:8:      layout_loops_ring, serial_bayou, serial_bayou_pond_a,
          serial_bayou_shore_a, serial_bayou_pond_a, serial_bayou_pond_e,
          hangedman_incinerator
D:9:      layout_cave_pools, david_lair_shrubbed
D:10:     layout_long_grid, kennysheep_mini, gammafunk_ghost_wrathful_warriors,
          hex_large, kennysheep_another_room, uniq_sonja, uniq_harold
Temple:   dpeg_five_rooms_temple
Lair:1:   minmay_lair_oklob_tunnel, layout_cave_pods
Lair:2:   layout_chaotic_city, minmay_shoals_entry_beasts, grunt_megastairs_1

Skill      XL: |  1  2  3  4  5  6  7  8  9 10 11 |
---------------+----------------------------------+-----
Axes           | 2 3 4 5 7 9 12 13 14 | 14.1
Shields        | 4 5 6 |  6.0
Invocations    | 2 4 |  4.9
Evocations     | 2 4 |  4.1
Fighting       | 4 6 |  6.1
Armour         | |  3.9

Action                   |  1- 3 |  4- 6 |  7- 9 | 10-12 || total
-------------------------+-------+-------+-------+-------++-------
Melee: War axe           |    97 |   164 |   191 |   271 ||   723
       Headbutt          |       |     4 |    45 |    41 ||    90
Throw: Stone             |     8 |    20 |    17 |     1 ||    46
       Dart              |       |       |     9 |     7 ||    16
Evoke: Wand              |       |       |     1 |    15 ||    16
  Use: Scroll            |     1 |     4 |     8 |     4 ||    17
       Potion            |       |     5 |     6 |     1 ||    12
Armor: Scale mail        |    40 |   110 |    42 |   117 ||   309
       Skin              |       |     6 |     3 |       ||     9
       Troll leather arm |       |       |    29 |       ||    29
       Chain mail        |       |       |       |    15 ||    15
Dodge: Dodged            |    48 |    90 |    82 |   139 ||   359
Block: Buckler           |    15 |    35 |    35 |    58 ||   143

Table legend: (Time is in decaauts)
 A = Elapsed time spent in this place.
 B = Non-inter-level travel time spent in this place.
 C = Inter-level travel time spent in this place.
 D = Time resting spent in this place.
 E = Time spent auto-exploring this place.
 F = Levels seen in this place.
 G = Mean time per level.
                   A        B        C        D        E       F      G
               +--------+--------+--------+--------+--------+-----+--------+
         Total |   9091 |   8594 |    497 |   1535 |   4450 |  13 |  699.3 |
       Dungeon |   7753 |   7346 |    407 |   1319 |   3810 |  10 |  775.3 |
        Temple |     66 |     39 |     27 |      0 |     34 |   1 |   66.0 |
          Lair |   1271 |   1208 |     63 |    216 |    606 |   2 |  635.5 |
               +--------+--------+--------+--------+--------+-----+--------+

Top non-repeatable levels by time:
     D:1: 1676 daAuts
  Lair:1: 1147 daAuts
     D:2: 1129 daAuts
     D:3: 878 daAuts
     D:6: 758 daAuts
     D:8: 750 daAuts
     D:7: 743 daAuts
     D:5: 660 daAuts
     D:4: 638 daAuts
     D:9: 515 daAuts
  Lair:2: 124 daAuts
  Temple: 66 daAuts
    D:10: 1 daAuts
